 Dungeon Sprint DCSS version 0.24-a0-165-g1b465fe (webtiles) character file.

Game seed: 14263093433103308070

48 tatocazan the Magician (level 3, 0/19 HPs)
             Began as a Deep Elf Fire Elementalist on Mar 6, 2019.
             Succumbed to an adder's poison
             ... in the Dungeon (Sprint IX: "|||||||||||||||||||||||||||||").
             The game lasted 00:01:02 (213 turns).

tatocazan the Magician (Deep Elf Fire Elementalist)  Turns: 213, Time: 00:01:03

Health: 0/19       AC:  2    Str:  5    XL:     3   Next: 50%
Magic:  6/11       EV: 14    Int: 20    God:
Gold:   0          SH:  0    Dex: 15    Spells: 11/12 levels left

rFire    . . .     SeeInvis .   b - +0 dagger
rCold    . . .     Gourm    .   (no shield)
rNeg     . . .     Faith    .   a - +0 robe
rPois    .         Spirit   .   (no helmet)
rElec    .         Reflect  .   (no cloak)
rCorr    .         Harm     .   (no gloves)
MR       .....     NoTele   +   (no boots)
Stlth    +++.......             (no amulet)
HPRegen  0.06/turn              (no ring)
MPRegen  0.12/turn              (no ring)

@: lethally poisoned (0 -> -6), very slightly contaminated
A: no striking features
a: no special abilities


You were in the Dungeon.
You were not hungry.

You visited 1 branch

Inventory:

Hand Weapons
 b - a +0 dagger (weapon)
Armour
 a - a +0 robe (worn)
Scrolls
 i - a scroll of blinking
Potions
 f - a potion of haste
 g - a potion of magic
 h - a potion of berserk rage
Comestibles
 c - a ration


   Skills:
 + Level 4.3 Dodging
 + Level 4.7 Stealth
 + Level 5.0 Spellcasting
 + Level 3.4 Conjurations
 + Level 4.7 Fire Magic


You had 11 spell levels left.
You knew the following spells:

 Your Spells              Type           Power        Failure   Level  Hunger
a - Flame Tongue          Conj/Fire      ###..        2%          1    None

Your spell library contained the following spells:

 Spells                   Type           Power        Failure   Level  Hunger
 Throw Flame              Conj/Fire      ###...       3%          2    None
 Conjure Flame            Conj/Fire      ###.....     6%          3    ##.....
 Inner Flame              Hex/Fire       ##......     13%         3    ##.....
 Sticky Flame             Conj/Fire      ###.....     22%         4    ####...
 Fireball                 Conj/Fire      ###.......   52%         5    #####..


Dungeon Overview and Level Annotations

Branches:
Dungeon (1/1)

Altars:


Message History

Aiming: Flame Tongue (safe; 2% risk of failure)
Press: ? - help, Shift-Dir - straight line, f/p - adder
Aim: an adder (almost dead)
The flame tongue hits the adder!
You kill the adder!
Your Spellcasting skill increases to level 5!
You now have 5/11 mp.
You hit the quokka skeleton.
The quokka skeleton is heavily damaged.
* * * LOW HITPOINT WARNING * * *
You feel sick. The quokka skeleton closely misses you.
You hit the quokka skeleton.
The quokka skeleton is severely damaged.
The quokka skeleton misses you.
You barely miss the quokka skeleton.
The quokka skeleton is severely damaged.
The quokka skeleton misses you.
You completely miss the quokka skeleton.
The quokka skeleton is severely damaged.
You die... ▓▓▓▓▓▓▓▓▓▓▓▓▓▓▓▓▓▓ +....cZ@...†)...<▓ ▓▓▓▓▓▓▓▓▓▓▓▓▓▓▓▓▓▓

You could see a centaur and a quokka skeleton.

Vanquished Creatures
  A worker ant (D)
  2 adders (D)
  A ball python (D)
  A giant cockroach (D)
  2 goblins (D)
  A hobgoblin (D)
8 creatures vanquished.

Notes
Turn   | Place    | Note
-------+----------+-------------------------------------------
     0 | D        | tatocazan the Deep Elf Fire Elementalist began the quest
                  | for the Orb.
     0 | D        | Reached XP level 1. HP: 10/10 MP: 6/6
   192 | D        | Noticed a centaur
   192 | D        | Noticed a worker ant
   196 | D        | Killed a worker ant
   196 | D        | Reached skill level 4 in Spellcasting
   196 | D        | Reached XP level 2. HP: 8/15 MP: 3/9
   196 | D        | Reached XP level 3. HP: 11/19 MP: 3/11
   209 | D        | Reached skill level 5 in Spellcasting
   213 | D        | Succumbed to an adder's poison

Levels and vault maps discovered:
D:        linesprint [early_d, line_temple, items_1, d_10, items_2, lair_1,
          lair_end, items_3, orc_1, orc_end, items_4, d_15, swamp_1, shoals_1,
          snake_1, spider_1, d_20, vaults_1, items_5, swamp_end, shoals_end,
          snake_end, spider_end, vaults_end, d_27, items_6, zot_1, zot_end,
          crypt_end, forest_end, elf_end, slime_end, tomb_end, abyss_end,
          pan_hell_end]

Skill      XL: |  1  2  3 |
---------------+----------+-----
Stealth        | 4 |  4.7
Dodging        | 4 |  4.3
Conjurations   | 3 |  3.4
Spellcasting   | 4 5 |  5.0
Fire Magic     | 4 |  4.7

Action                   || total
-------------------------++-------
Melee: Unarmed           ||     2
       Dagger            ||     4
 Cast: Flame Tongue      ||    19
  Use: Potion            ||     3
Armor: Robe              ||     2
Dodge: Dodged            ||    10

Table legend:
 A = Non-vault XP
 B = Vault XP
 C = Vault XP percentage of total XP
 D = Non-vault monster count
 E = Vault monster count
 F = Vault count percentage of total count
                 A         B        C        D         E       F
            +---------+---------+-------+---------+---------+-------
      Total |       0 |      69 | 100.0 |       0 |       8 | 100.0
            +---------+---------+-------+---------+---------+-------
          D |       0 |      69 | 100.0 |       0 |       8 | 100.0
            +---------+---------+-------+---------+---------+-------
